 Dungeon Crawl Stone Soup version 0.30-a0-222-ge547ba4400 (webtiles) character file.

Game seed: 7709694940066132223

116 SkeletonJelly the Cudgeller (level 4, -4/32 (39) HPs)
             Began as an Armataur Fighter on Oct 9, 2022.
             Killed by nerve-wracking pain
             ... invoked by a shadow imp
             ... summoned by Eustachio
              (9 damage)
             ... on level 4 of the Dungeon.
             The game lasted 00:04:09 (2856 turns).

SkeletonJelly the Cudgeller (Armataur Fighter)      Turns: 2856, Time: 00:04:09

HP:   -4/32 (39)    AC:  6    Str: 21      XL:     4   Next: 69%
MP:   4/4           EV:  9    Int:  8      God:
Gold: 136           SH:  5    Dex: 16 (18) Spells: 3/3 levels left

rFire   . . .      SeeInvis .    a - +0 flail
rCold   . . .      Faith    .    c - +0 buckler
rNeg    . . .      Spirit   .    h - +0 ring mail
rPois   .          Reflect  .    (no helmet)
rElec   .          Harm     .    (no cloak)
rCorr   .          Roll     +    (no gloves)
Will    .....                    (no barding)
Stlth   +.........               s - amulet of magic regeneration
HPRegen 0.25/turn                l - +6 ring of dexterity
MPRegen 0.49/turn                (no ring)

@: heavily drained
A: large, rugged brown scales 3, deformed body, armoured tail, roll, long
tongue, awkward tongue
a: no special abilities


You were on level 4 of the Dungeon.
You visited 1 branch of the dungeon, and saw 4 of its levels.

You collected 136 gold pieces.

Inventory:

Hand Weapons
 a - a +0 flail (weapon)
Missiles
 p - 6 poisoned darts (quivered)
Armour
 b - a +0 scale mail
 c - a +0 buckler (worn)
 h - a +0 ring mail (worn)
Jewellery
 l - a +6 ring of dexterity (left hand)
 s - an amulet of magic regeneration (around neck)
Scrolls
 g - 2 scrolls of immolation {unknown}
 n - 2 scrolls of acquirement {unknown}
 q - a scroll of noise {unknown}
 r - 2 scrolls of blinking {unknown}
 u - a scroll of identify {unknown}
 v - a scroll of fear {unknown}
 w - a scroll of summoning {unknown}
Potions
 d - a potion of might
 e - a potion of attraction {unknown}
 f - 2 potions of lignification {unknown}
 i - 2 potions of haste {unknown}
 j - a potion of degeneration {unknown}
 k - a potion of flight {unknown}
 m - 2 potions of magic {unknown}
 o - 2 potions of heal wounds {unknown}
 t - a potion of curing {unknown}


   Skills:
 - Level 2.6 Fighting
 - Level 4.0 Maces & Flails
 - Level 3.6 Armour
 + Level 1.5 Dodging
 - Level 3.2 Shields


You had 3 spell levels left.
You didn't know any spells.
Your spell library contained the following spells:

 Spells                   Type           Power      Damage    Failure   Level
 Call Canine Familiar     Summ           0%         N/A       95%         3
 Portal Projectile        Hex/Tloc       0%         N/A       95%         3
 Leda's Liquefaction      Hex/Erth       0%         N/A       100%        4
 Petrify                  Tmut/Erth      0%         N/A       100%        4
 Metabolic Englaciation   Hex/Ice        0%         N/A       100%        5
 Statue Form              Tmut/Erth      0%         N/A       100%        6


Dungeon Overview and Level Annotations

Branches:
Dungeon (4/15)
 Temple: D:4-7

Altars:
Yredelemnul

Shops:
D:1 =

Annotations:
D:4 Eustachio


Innate Abilities, Weirdness & Mutations

You are completely covered in rugged brown scales. (AC +3, +7% HP)
Armour fits poorly on your strangely shaped body.
You have a long armoured tail.
You roll when moving toward enemies. (Rampage)
Your long tongue fully drains potion bottles. (2x potion effects)
Your tongue gives you trouble enunciating. (1.5x scroll delay)


Message History

You hit the giant cockroach but do no damage.
The giant cockroach bites you but does no damage.
Eustachio mumbles some strange words.
You completely miss the giant cockroach.
Your tail-slap misses the giant cockroach.
The giant cockroach bites you.
The giant cockroach bites you but does no damage.
You take 2 damage, and have 36/39 hp.
You hit the giant cockroach.
The giant cockroach is severely wounded.
You block the bat's attack. The bat closely misses you.
The giant cockroach bites you but does no damage.
You block the bat's attack.
You hit the giant cockroach.
You kill the giant cockroach!
You block the bat's attack. The bat barely misses you.
The bat closely misses you. The bat hits you but does no damage.
The bat hits you.
You take 1 damage, and have 36/39 hp.
You barely miss the bat.
Your tail-slap misses the bat.
The bat hits you but does no damage. The bat hits you.
The bat barely misses you. The bat closely misses you.
You take 1 damage, and have 35/39 hp.
You closely miss Eustachio. The bat barely misses you.
You block the bat's attack. The bat completely misses you.
The bat hits you but does no damage.
Eustachio hits you with a +0 rapier of draining!
You feel drained. The bat hits you but does no damage.
You take 9 damage, and have 26/37 hp.
MASSIVE DAMAGE!!
You barely miss Eustachio. The bat closely misses you. The bat hits you. x2
The bat hits you but does no damage. You block Eustachio's attack.
Eustachio casts a spell.
You take 2 damage, and have 24/37 hp.
You closely miss Eustachio. The bat barely misses you.
The bat hits you but does no damage. x3; The bat barely misses you.
Eustachio hits you with a +0 rapier of draining.
You feel drained.
You take 4 damage, and have 20/36 hp.
You hit Eustachio.
Your tail-slap misses Eustachio.
Eustachio is lightly wounded.
The bat closely misses you. x3
Eustachio hits you with a +0 rapier of draining.
You feel drained. The shadow imp barely misses you.
The quasit bites you but does no damage.
The quasit claws you but does no damage.
The quasit closely misses you.
You take 1 damage, and have 19/34 hp.
You sock Eustachio!
Eustachio is moderately wounded.
The bat barely misses you. You block the bat's attack.
You block the quasit's attack.
The quasit claws you but does no damage.
The quasit closely misses you. Eustachio closely misses you.
The shadow imp laughs crazily.
The shadow imp hits you but does no damage.
The bat barely misses you. The bat completely misses you.
You closely miss Eustachio.
Eustachio is moderately wounded.
The bat hits you but does no damage. The bat closely misses you.
The bat hits you but does no damage. The quasit barely misses you.
The quasit closely misses you. The quasit claws you.
You feel clumsy. You block Eustachio's attack.
The shadow imp hits you but does no damage.
The quasit barely misses you.
The quasit claws you but does no damage.
The quasit completely misses you.
You take 1 damage, and have 19/34 hp.
You thump Eustachio!
Eustachio is heavily wounded.
The bat completely misses you. The bat hits you but does no damage. x3
The quasit bites you but does no damage.
The quasit barely misses you. You block the quasit's attack.
Eustachio hits you with a +0 rapier of draining!
You feel drained.
* * * LOW HITPOINT WARNING * * *
The shadow imp hits you.
* * * LOW HITPOINT WARNING * * *
Eustachio hits you but does no damage.
You feel drained. The shadow imp hits you.
* * * LOW HITPOINT WARNING * * *
The quasit bites you but does no damage.
The quasit barely misses you. The quasit closely misses you.
You take 14 damage, and have 5/32 hp.
MASSIVE DAMAGE!!
You hit Eustachio but do no damage.
Eustachio is heavily wounded.
The bat barely misses you. You block the bat's attack.
The bat barely misses you. The bat hits you but does no damage.
You block the bat's attack. The bat hits you but does no damage.
The quasit bites you but does no damage.
The quasit claws you but does no damage.
The quasit claws you.
* * * LOW HITPOINT WARNING * * *
You feel clumsy. The bat misses you.
Eustachio gestures wildly while chanting.
Eustachio blinks!
The shadow imp gestures at you. Pain shoots through your body!
You die...

## #### #########
#$ ..# #...†...# #.
#.###..###..##
#.####.#....# #...#
#.#.........###...#
#b#.##.#..........#
#.#b##.##########.#
#?@5...# #.#
#....b§5#### #.#
#.####...# ##.#
......# ##...
#........ #.#.#
#.@....#.. #...#
........... #..##
##.##.###..< ##...
##.##


You could see Eustachio, a quasit (summoned), a shadow imp (summoned) and 3
bats.

Vanquished Creatures
  3 gnolls (D:3)
  2 adders
  A worm (D:3)
  A dart slug (D:3)
  3 orcs (D:3)
  6 endoplasms
  2 giant cockroaches
  6 hobgoblins
  3 jackals (D:1)
  6 kobolds
  3 quokkas
  8 ball pythons
  7 bats
  2 frilled lizards
  2 goblins (D:2)
  5 rats
60 creatures vanquished.

Notes
Turn   | Place    | Note
-------+----------+-------------------------------------------
     0 | D:1      | SkeletonJelly the Armataur Fighter began the quest for the
                  | Orb.
     0 | D:1      | Reached XP level 1. HP: 19/19 MP: 1/1
   112 | D:1      | Reached skill level 2 in Maces & Flails
   342 | D:1      | Found Fetuz's Jewellery Shop.
   394 | D:1      | Reached XP level 2. HP: 26/26 MP: 2/2
   575 | D:1      | Found a faded altar of an unknown god.
   636 | D:1      | Reached skill level 3 in Maces & Flails
  1445 | D:2      | Reached XP level 3. HP: 29/32 MP: 3/3
  2370 | D:3      | Reached skill level 4 in Maces & Flails
  2370 | D:3      | Reached XP level 4. HP: 12/39 MP: 4/4
  2558 | D:3      | Reached skill level 1 in Dodging
  2604 | D:3      | Found a basalt altar of Yredelemnul.
  2837 | D:4      | Noticed Eustachio
  2856 | D:4      | Killed from afar by a shadow imp

Illustrated notes

Levels and vault maps discovered:
D:1:      nagdon_arrival_double_spiral, layout_basic, serial_shops, shop_statue,
          chequers_ecumenical_altar_grove, minmay_misc_feat_encased
D:2:      layout_basic, chequers_jeans
D:3:      layout_rooms, yredelemnul_altar_generic
D:4:      layout_loops_cross, gammafunk_temple_overflow_pools,
          minmay_manual_mail, uniq_eustachio

Skill      XL: |  1  2  3  4 |
---------------+-------------+-----
Maces & Flails | 2 3 4 |  4.0
Dodging        | 1 |  1.5
Fighting       | |  2.6
Armour         | |  3.6
Shields        | |  3.2

Action                   |  1- 3 |  4- 6 || total
-------------------------+-------+-------++-------
Melee: Flail             |   107 |    45 ||   152
       Tailslap          |     9 |     4 ||    13
Armor: Scale mail        |    36 |       ||    36
       Ring mail         |     8 |    46 ||    54
Dodge: Dodged            |    29 |    48 ||    77
Block: Buckler           |    29 |    18 ||    47

Table legend: (Time is in decaauts)
 A = Elapsed time spent in this place.
 B = Non-inter-level travel time spent in this place.
 C = Inter-level travel time spent in this place.
 D = Time resting spent in this place.
 E = Time spent auto-exploring this place.
 F = Levels seen in this place.
 G = Mean time per level.
                   A        B        C        D        E       F      G
               +--------+--------+--------+--------+--------+-----+--------+
         Total |   2928 |   2696 |    232 |      0 |   2283 |   4 |  732.0 |
       Dungeon |   2928 |   2696 |    232 |      0 |   2283 |   4 |  732.0 |
               +--------+--------+--------+--------+--------+-----+--------+

Top non-repeatable levels by time:
     D:1: 1483 daAuts
     D:2: 798 daAuts
     D:3: 563 daAuts
     D:4: 84 daAuts
